 Dungeon Crawl Stone Soup version 0.30.1-9-gdf580d7c3d (webtiles) character file.

Game seed: 1660725611559408793

144 Zonian the Magician (level 5, 0/28 HPs)
             Began as a Deep Elf Hedge Wizard on Oct 17, 2023.
             Slain by an orc wizard
             ... wielding a +0 dagger
              (4 damage)
             ... on level 4 of the Dungeon.
             The game lasted 00:07:27 (3178 turns).

Zonian the Magician (Deep Elf Hedge Wizard)         Turns: 3178, Time: 00:07:28

Health: 0/28       AC:  3    Str:  7    XL:     5   Next: 5%
Magic:  9/13       EV: 13    Int: 21    God:
Gold:   100        SH:  0    Dex: 14    Spells: 12/13 levels left

rFire   . . .        f - +1 sling (flame)
rCold   + . .        (no shield)
rNeg    . . .        b - +1 robe
rPois   .            c - +0 hat
rElec   .            (no cloak)
rCorr   .            (no gloves)
SInv    .            (no boots)
Will    .....        (no amulet)
Stlth   +++          i - ring of protection from cold
HPRegen 0.24/turn    (no ring)
MPRegen 0.13/turn

%: no passive effects
@: no status effects
A: no striking features
a: no special abilities


You were on level 4 of the Dungeon.
You visited 1 branch of the dungeon, and saw 4 of its levels.

You collected 100 gold pieces.

Inventory:

Hand Weapons
 a - a +0 dagger
 f - a +1 sling of flaming (weapon)
Missiles
 k - 2 poisoned darts
Armour
 b - a +1 robe (worn)
 c - a +0 hat (worn)
Jewellery
 i - a ring of protection from cold (left hand)
 j - a +6 ring of intelligence
Scrolls
 e - a scroll of teleportation
Potions
 d - a potion of magic
 g - 2 potions of brilliance
 h - 2 potions of flight


   Skills:
 + Level 4.0 Dodging
 + Level 4.1 Stealth
 - Level 4.5 Spellcasting
 + Level 3.0 Conjurations
 - Level 1.4 Summonings
 - Level 1.4 Translocations


You had 12 spell levels left.
You knew the following spells:

 Your Spells              Type           Power      Damage    Failure   Level
a - Magic Dart            Conj           68%        1d6       3%          1

Your spell library contained the following spells:

 Spells                   Type           Power      Damage    Failure   Level
 Blink                    Tloc           20%        N/A       10%         2
 Call Imp                 Summ           20%        N/A       10%         2
 Slow                     Hex            16%        N/A       12%         1
 Cigotuvi's Dreadful Rot  Necr/Pois/Air  8%         N/A       17%         2
 Mephitic Cloud           Conj/Pois/Air  9%         N/A       22%         3
 Tukima's Dance           Hex            4%         N/A       34%         3
 Passage of Golubria      Tloc           10%        N/A       54%         4
 Yara's Violent Unravell  Hex/Tmut       2%         3d3       97%         5


Dungeon Overview and Level Annotations

Branches:
Dungeon (3/15)

Altars:
Dithmenos
Trog

Shops:
D:3 [


Message History

The magic dart hits you!
Unknown command.
Casting: Magic Dart (safe; 3% risk of failure)
Confirm with . or Enter, or press ? or * to list all spells.
Aiming: Magic Dart (safe; 3% risk of failure)
Press: ? - help, Shift-Dir - straight line, f/p - orc wizard
Aim: an orc wizard, wielding a +0 dagger and wearing a +0 robe (100% to hit)
The magic dart hits the orc wizard.
The orc wizard is lightly wounded.
The worm bites you!
The orc wizard hits you with a +0 dagger.
The orc wizard attacks as you move away!
The orc wizard misses you.
You are too injured to fight recklessly!
You are too injured to fight recklessly!
Unknown command.
Casting: Magic Dart (safe; 3% risk of failure)
Confirm with . or Enter, or press ? or * to list all spells.
Aiming: Magic Dart (safe; 3% risk of failure)
Press: ? - help, Shift-Dir - straight line, f/p - orc wizard
Aim: an orc wizard, wielding a +0 dagger and wearing a +0 robe (lightly wounded, 100% to hit)
The magic dart hits the orc wizard.
The orc wizard is moderately wounded.
The orc wizard points at you and mumbles some strange words.
The magic dart hits you!
* * * LOW HITPOINT WARNING * * *
Unknown command.
Okay, then.
Okay, then.
Okay, then.
Okay, then.
Casting: Magic Dart (safe; 3% risk of failure)
Confirm with . or Enter, or press ? or * to list all spells.
Aiming: Magic Dart (safe; 3% risk of failure)
Press: ? - help, Shift-Dir - straight line, f/p - orc wizard
Aim: an orc wizard, wielding a +0 dagger and wearing a +0 robe (moderately wounded, 100% to hit)
The magic dart hits the orc wizard.
The orc wizard is severely wounded.
The orc wizard hits you with a +0 dagger.
You die...

#.......#
#.#####.#
##########.#####.#
#.............##.#
#.#.#.####.##.##.#
#...#.# #.##.....
#.###.# #........
#.....# ########.
#@##### #.
#o########### ##
#w.†.......?.
#.####.......
#............
#...##....... #
#.#.# ....... #
#.#.# h.w.... #
#.... ....... #


You could see a worm and an orc wizard.

Vanquished Creatures
  A hound (D:3)
  5 adders
  A worm (D:3)
  3 orcs (D:4)
  9 endoplasms
  3 giant cockroaches
  9 hobgoblins
  3 jackals
  A kobold (D:2)
  2 quokkas
  4 ball pythons
  9 bats
  4 frilled lizards (D:1)
  6 rats
60 creatures vanquished.

Vanquished Creatures (collateral kills)
  A jackal (D:3)
1 creature vanquished.

Grand Total: 61 creatures vanquished

Notes
Turn   | Place    | Note
-------+----------+-------------------------------------------
     0 | D:1      | Zonian the Deep Elf Hedge Wizard began the quest for the
                  | Orb.
     0 | D:1      | Reached XP level 1. HP: 10/10 MP: 7/7
   246 | D:1      | Reached XP level 2. HP: 15/15 MP: 4/9
   290 | D:1      | Found a faded altar of an unknown god.
  1504 | D:2      | Reached XP level 3. HP: 19/19 MP: 9/11
  2249 | D:2      | Reached XP level 4. HP: 23/24 MP: 12/12
  2624 | D:3      | Found a shadowy altar of Dithmenos.
  2699 | D:3      | Found Huc Keuc's Armour Shop.
  2755 | D:3      | You fall into a shaft and drop 1 floor!
  2782 | D:4      | Found a bloodstained altar of Trog.
  2782 | D:4      | Noticed a black bear
  2782 | D:4      | Noticed a black bear
  2871 | D:4      | Reached XP level 5. HP: 28/28 MP: 13/13
  3178 | D:4      | Slain by an orc wizard

Illustrated notes

Levels and vault maps discovered:
D:1:      scummos_arrival_simple_crosswalls, layout_loops_ring,
          basic_ecumenical_altar, chequers_arboretum, minmay_misc_feat_alley
D:2:      layout_basic, minmay_misc_feat_five, minivault_23
D:3:      layout_basic, grunt_temple_overflow_open,
          mainiacjoe_overflow_24_doors,
          nicolae_dithmenos_through_a_glass_darkly, serial_shops, shop
D:4:      layout_loops_cross, trog_ov_bears_minmay, uniq_sigmund

Skill      XL: |  1  2  3  4  5 |
---------------+----------------+-----
Stealth        | 3 4 |  4.1
Dodging        | 3 4 |  4.0
Conjurations   | 2 3 |  3.0
Spellcasting   | |  4.5
Summonings     | |  1.4
Translocations | |  1.4

Action                     |  1- 3 |  4- 6 || total
---------------------------+-------+-------++-------
  Melee: Dagger            |    13 |       ||    13
         Punch             |     1 |       ||     1
         Sling             |       |     1 ||     1
   Fire: Sling             |    25 |    65 ||    90
   Cast: Magic Dart        |    86 |    14 ||   100
    Use: Scroll            |     3 |     7 ||    10
         Potion            |     1 |     3 ||     4
   Stab: Sleeping          |     1 |       ||     1
 Armour: Robe              |    12 |    10 ||    22
  Dodge: Dodged            |    40 |    29 ||    69
